 Dungeon Crawl Stone Soup version 0.30-a0-996-ga6910c8ee8 (webtiles) character file.

Game seed: 9174061734162539744

35 croobank the Chiller (level 3, 0/25 HPs)
             Began as a Gnoll Ice Elementalist on Apr 4, 2023.
             Shot with a sling bullet by a goblin (3 damage)
             ... on level 2 of the Dungeon.
             The game lasted 00:02:27 (914 turns).

croobank the Chiller (Gnoll Ice Elementalist)        Turns: 914, Time: 00:02:27

Health: 0/25       AC:  3    Str:  7    XL:     3   Next: 33%
Magic:  8/9        EV: 12    Int: 16    God:
Gold:   52         SH:  0    Dex: 12    Spells: 11/12 levels left

rFire   . . .      SeeInvis .    c - +0 hand axe
rCold   . . .      Faith    .    (no shield)
rNeg    . . .      Spirit   .    e - +0 leather armour
rPois   .          Reflect  .    (no helmet)
rElec   .          Rampage  .    (no cloak)
rCorr   .                        (no gloves)
Will    .....                    (no boots)
Stlth   ++                       (no amulet)
HPRegen 0.24/turn                (no ring)
MPRegen 0.11/turn                (no ring)

@: no status effects
A: fangs 1, strong nose, distributed training
a: no special abilities


You were on level 2 of the Dungeon.
You visited 1 branch of the dungeon, and saw 2 of its levels.

You collected 52 gold pieces.

Inventory:

Hand Weapons
 c - a +0 hand axe (weapon)
 l - a +0 dagger
Missiles
 h - 2 javelins
Armour
 a - a +0 robe
 e - a +0 leather armour (worn)
Scrolls
 g - 2 scrolls of identify {unknown}
 i - 2 scrolls of enchant weapon {unknown}
 j - 3 scrolls of brand weapon {unknown}
Potions
 b - 2 potions of magic
 d - 3 potions of attraction {unknown}
 f - a potion of curing {unknown}
 k - a potion of mutation {unknown}


   Skills:
 + Level 0.8 Fighting
 + Level 0.8 Short Blades
 + Level 0.8 Long Blades
 + Level 0.8 Axes
 + Level 0.8 Maces & Flails
 + Level 0.8 Polearms
 + Level 0.8 Staves
 + Level 0.8 Ranged Weapons
 + Level 0.8 Throwing
 + Level 0.8 Armour
 + Level 4.5 Dodging
 + Level 4.1 Stealth
 + Level 0.8 Shields
 + Level 0.8 Unarmed Combat
 + Level 5.0 Spellcasting
 + Level 0.5 Conjurations
 + Level 0.5 Hexes
 + Level 0.5 Summonings
 + Level 0.5 Necromancy
 + Level 0.5 Translocations
 + Level 0.5 Transmutations
 + Level 0.5 Fire Magic
 + Level 7.1 Ice Magic
 + Level 0.5 Air Magic
 + Level 0.5 Earth Magic
 + Level 0.5 Poison Magic
 + Level 1.0 Invocations
 + Level 0.8 Evocations


You had 11 spell levels left.
You knew the following spells:

 Your Spells              Type           Power      Damage    Failure   Level
a - Freeze                Ice            100%       1d10      1%          1

Your spell library contained the following spells:

 Spells                   Type           Power      Damage    Failure   Level
 Frozen Ramparts          Ice            52%        1d8       3%          3
 Ozocubu's Armour         Ice            26%        N/A       3%          3
 Lesser Beckoning         Tloc           10%        N/A       26%         2
 Summon Ice Beast         Ice/Summ       16%        N/A       41%         4
 Gell's Gravitas          Tloc           5%         N/A       45%         3
 Teleport Other           Tloc           5%         N/A       45%         3


Dungeon Overview and Level Annotations

Branches:
Dungeon (2/15)

Altars:

Annotations:
D:2 Terence


Innate Abilities, Weirdness & Mutations

You have very sharp teeth.
Your uncanny sense of smell can sniff out nearby items.
Your experience applies equally to all skills.


Message History

You finish putting on your +0 leather armour.
Found a +0 dagger.
An endoplasm comes into view.
The goblin shouts!
The goblin shoots a sling bullet.
The sling bullet hits you.
You see here 4 javelins.
Casting: Freeze (safe; 1% risk of failure)
Confirm with . or Enter, or press ? or * to list all spells.
Aiming: Freeze (safe; 1% risk of failure)
Press: ? - help, Shift-Dir - straight line, f - endoplasm
Aim: an endoplasm You freeze the endoplasm.
The endoplasm is lightly wounded.
The goblin shoots a sling bullet.
The sling bullet misses you. The endoplasm freezes you.
You are frozen.
You hit the endoplasm.
The endoplasm is heavily wounded.
The endoplasm freezes you.
You are frozen.
The goblin shoots a sling bullet.
The sling bullet barely misses you.
You hit the endoplasm.
You bite the endoplasm, but do no damage.
The endoplasm is almost dead.
The endoplasm freezes you.
You are frozen.
The goblin shoots a sling bullet.
The sling bullet hits you.
You hit the endoplasm but do no damage.
The endoplasm is almost dead.
The goblin shoots a sling bullet.
The sling bullet hits you.
* * * LOW HITPOINT WARNING * * *
The endoplasm freezes you.
You are frozen.
* * * LOW HITPOINT WARNING * * *
A bat comes into view.
The endoplasm hits you but does no damage.
The goblin shoots a sling bullet.
The sling bullet completely misses you.
You completely miss the endoplasm.
The endoplasm is almost dead.
The goblin shoots a sling bullet.
The sling bullet hits you.
You die...

#.#. #.# #.#.#
.#.#.######.###.#.#
............†....#
###..........†..#
...............<#
#............##
#.....##.#####
#####.)...##.#
#...g.@(...#.#
#.###..J...#.#
#......#.#
######.#.# b#.#
...# ... .#


You could see an endoplasm and a goblin.

Vanquished Creatures
  An adder (D:2)
  2 dart slugs (D:1)
  A bat (D:1)
  An endoplasm (D:1)
  A giant cockroach (D:2)
  2 goblins (D:1)
  A hobgoblin (D:1)
  A kobold (D:1)
  3 quokkas (D:1)
  5 ball pythons
  3 frilled lizards (D:1)
21 creatures vanquished.

Notes
Turn   | Place    | Note
-------+----------+-------------------------------------------
     0 | D:1      | croobank the Gnoll Ice Elementalist began the quest for the
                  | Orb.
     0 | D:1      | Reached XP level 1. HP: 13/13 MP: 6/6
   159 | D:1      | Reached XP level 2. HP: 19/19 MP: 7/7
   719 | D:1      | Reached skill level 5 in Spellcasting
   719 | D:1      | Reached XP level 3. HP: 23/25 MP: 6/9
   829 | D:2      | Reached skill level 1 in Invocations
   880 | D:2      | Noticed Terence
   914 | D:2      | Shot with a sling bullet by a goblin

Illustrated notes

Levels and vault maps discovered:
D:1:      minmay_arrival_four_circles, layout_loops_ring
D:2:      layout_basic, grunt_ministairs_8, hex_intersection, uniq_terence,
          uniq_natasha

Skill      XL: |  1  2  3 |
---------------+----------+-----
Spellcasting   | 5 |  5.0
Invocations    | 1 |  1.0
Fighting       | |  0.8
Short Blades   | |  0.8
Long Blades    | |  0.8
Axes           | |  0.8
Maces & Flails | |  0.8
Polearms       | |  0.8
Staves         | |  0.8
Ranged Weapons | |  0.8
Throwing       | |  0.8
Armour         | |  0.8
Dodging        | |  4.5
Stealth        | |  4.1
Shields        | |  0.8
Unarmed Combat | |  0.8
Conjurations   | |  0.5
Hexes          | |  0.5
Summonings     | |  0.5
Necromancy     | |  0.5
Translocations | |  0.5
Transmutations | |  0.5
Fire Magic     | |  0.5
Ice Magic      | |  7.1
Air Magic      | |  0.5
Earth Magic    | |  0.5
Poison Magic   | |  0.5
Evocations     | |  0.8

Action                     || total
---------------------------++-------
  Melee: Hand axe          ||    64
         Bite              ||     4
   Cast: Freeze            ||     7
   Stab: Sleeping          ||     4
 Armour: Robe              ||     6
         Leather armour    ||     1
  Dodge: Dodged            ||    57

Table legend: (Time is in decaauts)
 A = Elapsed time spent in this place.
 B = Non-inter-level travel time spent in this place.
 C = Inter-level travel time spent in this place.
 D = Time resting spent in this place.
 E = Time spent auto-exploring this place.
 F = Levels seen in this place.
 G = Mean time per level.
                   A        B        C        D        E       F      G
               +--------+--------+--------+--------+--------+-----+--------+
         Total |    930 |    899 |     31 |    124 |    466 |   2 |  465.0 |
       Dungeon |    930 |    899 |     31 |    124 |    466 |   2 |  465.0 |
               +--------+--------+--------+--------+--------+-----+--------+

Top non-repeatable levels by time:
     D:1: 834 daAuts
     D:2: 96 daAuts
